 Dungeon Crawl Stone Soup version 0.30-a0-1082-g70414cbcbb (webtiles) character file.

Game seed: 12928113858746526719

324 mandoloar the Sneak (level 6, 0/87 HPs)
             Began as an Octopode Earth Elementalist on Apr 15, 2023.
             Slain by Pikel
             ... wielding a +2 whip of freezing
              (2 damage)
             ... on level 4 of the Dungeon.
             The game lasted 00:11:28 (4723 turns).

mandoloar the Sneak (Octopode Earth Elementalist)   Turns: 4723, Time: 00:11:28

Health: 0/87       AC: 23    Str:  8    XL:     6   Next: 48%
Magic:  2/10       EV:  2    Int: 19    God:
Gold:   191        SH:  0    Dex: 12    Spells: 5/11 levels left

rFire   + . .      SeeInvis .      - Unarmed
rCold   . . .      Faith    .    (no shield)
rNeg    . . .      Spirit   .    (helmet currently unavailable)
rPois   +          Reflect  .    (no amulet)
rElec   .          Rampage  .    i - ring of protection from fire
rCorr   +          NoTele   +    b - ring of resist corrosion
Will    .....                    (no ring) Stlth
                                 (no ring)
HPRegen 0.34/turn                (no ring)
MPRegen 0.12/turn                (no ring)
                                 (no ring)
                                 (no ring)

@: berserking, tree-form, very quick
A: stationary, stasis, torment immunity, boosted hp, almost no armour,
(amphibious), 8 rings, (camouflage 1), (gelatinous body 1), (nimble swimmer 1),
(tentacles)
a: no special abilities


You were on level 4 of the Dungeon.
You were a tree.
You visited 1 branch of the dungeon, and saw 4 of its levels.

You collected 191 gold pieces.

Inventory:

Missiles
 k - 13 poisoned darts
Jewellery
 b - a ring of resist corrosion (right branch)
 i - a ring of protection from fire (left branch)
Scrolls
 g - a scroll of immolation
Potions
 a - a potion of magic
 c - 2 potions of flight
 f - a potion of haste {unknown}
 j - a potion of curing
 n - 2 potions of attraction
 o - a potion of mutation {unknown}
 p - a potion of brilliance {unknown}


   Skills:
 + Level 2.0 Fighting
 + Level 3.1 Dodging
 - Level 4.0 Stealth
 + Level 2.0 Unarmed Combat
 + Level 3.0 Spellcasting
 + Level 2.4 Transmutations
 + Level 3.9 Earth Magic


You had 5 spell levels left.
You knew the following spells:

 Your Spells              Type           Power      Damage    Failure   Level
a - Sandblast             Erth           34%        2d9       3%          1
b - Stone Arrow           Conj/Erth      20%        3d8       21%         3
c - Passwall              Tmut/Erth      11%        N/A       6%          2

Your spell library contained the following spells:

 Spells                   Type           Power      Damage    Failure   Level
 Petrify                  Tmut/Erth      14%        N/A       38%         4


Dungeon Overview and Level Annotations

Branches:
Dungeon (4/15)
 Temple: D:4-7

Altars:
Trog
Xom
Zin

Annotations:
D:4 Pikel


Innate Abilities, Weirdness & Mutations

You are a tree.
Your roots penetrate the ground, keeping you stationary.
You cannot be teleported.
You are immune to unholy pain and torment.
Your maximum health is greatly increased.
You cannot wear most types of armour.
((You are amphibious.))
You can wear up to eight rings at the same time.
((Your skin changes colour to match your surroundings (Stealth+).))
((Your rubbery body absorbs attacks. (AC +1, EV +1)))
((You are camouflaged when in or above water. (Stealth+)))
((You have tentacles for arms and can constrict up to eight enemies at once.))


Message History

Pikel is heavily wounded.
Pikel hits you with a +2 whip of freezing.
* * * LOW HITPOINT WARNING * * *
Pikel freezes you.
* * * LOW HITPOINT WARNING * * *
You smack Pikel!
Pikel is severely wounded.
Pikel completely misses you.
You barely miss Pikel.
Pikel is severely wounded.
Pikel hits you with a +2 whip of freezing.
* * * LOW HITPOINT WARNING * * *
Pikel freezes you.
* * * LOW HITPOINT WARNING * * *
You hit Pikel but do no damage.
Pikel is severely wounded.
Pikel hits you but does no damage.
You smack Pikel!
Pikel is almost dead.
Pikel hits you but does no damage.
A red film seems to cover your vision as you go berserk!
You feel yourself moving faster!
You feel mighty! Pikel hits you but does no damage.
You closely miss Pikel.
Pikel is almost dead.
Pikel hits you but does no damage.
You closely miss Pikel.
Pikel is almost dead.
Pikel hits you with a +2 whip of freezing.
* * * LOW HITPOINT WARNING * * *
Pikel freezes you.
* * * LOW HITPOINT WARNING * * *
You hit Pikel.
Pikel is almost dead.
You closely miss Pikel.
Pikel is almost dead.
Pikel hits you with a +2 whip of freezing.
* * * LOW HITPOINT WARNING * * *
Pikel freezes you.
You die...

### #.#
#.##################
#...................
#.##################
#.#....###
#.#......#
#.###.##.#
#..♣K5...#####
########.#......##
+.................
########).........
.# ###.####.###.#
#5........5#
#.#..####....
..#.J..J'..) #
....#####... #


You could see Pikel and a lemure.

Vanquished Creatures
  A lemure (D:3)
  A phantom (D:3)
  A hound (D:4)
  A sleepcap (D:4)
  2 iguanas
  An orc wizard (D:4)
  Robin (D:2)
  3 adders
  2 dart slugs
  3 orcs (D:4)
  4 ball pythons
  8 endoplasms
  2 giant cockroaches
  14 goblins
  10 hobgoblins
  3 quokkas
  4 bats
  4 frilled lizards
  5 kobolds
  2 rats
72 creatures vanquished.

Vanquished Creatures (others)
  An angel (D:3)
  A kobold (D:3)
2 creatures vanquished.

Grand Total: 74 creatures vanquished

Notes
Turn   | Place    | Note
-------+----------+-------------------------------------------
     0 | D:1      | mandoloar the Octopode Earth Elementalist began the quest
                  | for the Orb.
     0 | D:1      | Reached XP level 1. HP: 11/11 MP: 3/3
   276 | D:1      | Reached XP level 2. HP: 17/17 MP: 0/5
   486 | D:1      | Reached skill level 3 in Stealth
   614 | D:1      | You fall into a shaft and drop 1 floor!
   684 | D:2      | Reached XP level 3. HP: 22/22 MP: 4/6
   691 | D:2      | Learned a level 3 spell: Stone Arrow
  1456 | D:2      | Reached skill level 1 in Unarmed Combat
  1524 | D:2      | Reached skill level 1 in Fighting
  1569 | D:2      | Reached XP level 4. HP: 28/28 MP: 4/7
  1615 | D:2      | Learned a level 2 spell: Passwall
  1697 | D:2      | Noticed Robin
  1900 | D:2      | Killed Robin
  2074 | D:2      | Reached XP level 5. HP: 33/33 MP: 5/8
  2266 | D:3      | Killed an angel
  2498 | D:3      | Found a bloodstained altar of Trog.
  2785 | D:3      | Found a shimmering altar of Xom.
  2871 | D:3      | Found a glowing silver altar of Zin.
  3703 | D:4      | Reached skill level 4 in Stealth
  3890 | D:4      | Reached XP level 6. HP: 35/39 MP: 4/10
  4696 | D:4      | Noticed Pikel
  4723 | D:4      | HP: 2/87 [Pikel/+2 whip of freezing (4)]
  4723 | D:4      | Slain by Pikel

Illustrated notes

Levels and vault maps discovered:
D:1:      minmay_arrival_nine_rooms, layout_basic
D:2:      layout_rooms, uniq_robin
D:3:      layout_basic, grunt_temple_overflow_order_and_chaos_1,
          lemuel_coloured_pillars_altar, grunt_decor_clamped
D:4:      layout_basic, lemuel_tele_altar, uniq_pikel

Skill      XL: |  1  2  3  4  5  6 |
---------------+-------------------+-----
Stealth        | 3 4 |  4.0
Unarmed Combat | 1 2 |  2.0
Fighting       | 1 2 |  2.0
Transmutations | 2 |  2.4
Dodging        | 3 |  3.1
Spellcasting   | 3 |  3.0
Earth Magic    | |  3.9

Action                     |  1- 3 |  4- 6 || total
---------------------------+-------+-------++-------
  Melee: Unarmed           |     3 |    15 ||    18
         Constrict         |     1 |     2 ||     3
         Tentacles         |       |     2 ||     2
         Punch             |       |     1 ||     1
  Throw: Dart              |       |     1 ||     1
   Cast: Sandblast         |    45 |    70 ||   115
         Stone Arrow       |       |    10 ||    10
         Passwall          |       |     4 ||     4
    Use: Scroll            |       |    11 ||    11
         Potion            |       |     2 ||     2
 Armour: Skin              |     1 |     8 ||     9
  Dodge: Dodged            |     8 |    30 ||    38

Table legend: (Time is in decaauts)
 A = Elapsed time spent in this place.
 B = Non-inter-level travel time spent in this place.
 C = Inter-level travel time spent in this place.
 D = Time resting spent in this place.
 E = Time spent auto-exploring this place.
 F = Levels seen in this place.
 G = Mean time per level.
                   A        B        C        D        E       F      G
               +--------+--------+--------+--------+--------+-----+--------+
         Total |   4782 |   4455 |    327 |   1534 |   2204 |   4 | 1195.5 |
       Dungeon |   4782 |   4455 |    327 |   1534 |   2204 |   4 | 1195.5 |
               +--------+--------+--------+--------+--------+-----+--------+

Top non-repeatable levels by time:
     D:3: 1824 daAuts
     D:1: 1184 daAuts
     D:2: 1029 daAuts
     D:4: 744 daAuts
